 Dungeon Crawl Stone Soup version 0.24-a0-652-g46ecf6da75 (webtiles) character file.

Game seed: 10757636406984534611, levelgen mode: deterministic

1526 Gynju the Magician (level 8, -4/41 HPs)
             Began as a Deep Elf Fire Elementalist on Sept 26, 2019.
             Was a Follower of Vehumet.
             Slain by a hornet (13 damage)
             ... while paralysed by a hornet
             ... on level 7 of the Dungeon.
             The game lasted 00:24:40 (8222 turns).

Gynju the Magician (Deep Elf Fire Elementalist)     Turns: 8222, Time: 00:24:41

Health: -4/41      AC:  3    Str:  5    XL:     8   Next: 54%
Magic:  19/20      EV:  2    Int: 23    God:    Vehumet [*.....]
Gold:   404        SH:  0    Dex: 24    Spells: 13/20 levels left

rFire    + . .     SeeInvis .   z - +10 mace "Q" {crush, Dex+9}
rCold    + . .     Gourm    .   i - +0 buckler
rNeg     . . .     Faith    .   f - +0 leather armour
rPois    +         Spirit   .   (no helmet)
rElec    .         Reflect  .   p - scarf {rC+ rF+}
rCorr    .         Harm     .   (no gloves)
MR       +....                  (no boots)
Stlth    ++........             (no amulet)
HPRegen  0.13/turn              h - ring of poison resistance
MPRegen  0.17/turn              r - ring of protection from magic

@: paralysed
A: no striking features
a: Renounce Religion


You were on level 7 of the Dungeon.
You worshipped Vehumet.
Vehumet was aware of your devotion.
You were not hungry.

You visited 2 branches of the dungeon, and saw 8 of its levels.

You collected 404 gold pieces.

Inventory:

Hand Weapons
 o - a +4 trident of freezing
 z - the +10 mace "Q" (weapon) {crush, Dex+9}
   (You found it on level 5 of the Dungeon)

   It inflicts extra damage upon your enemies.
   It affects your dexterity (+9).
Missiles
 j - 10 poisoned darts
 n - 270 stones (quivered)
Armour
 f - a +0 leather armour (worn)
 i - a +0 buckler (worn)
 p - a scarf of resistance (worn)
Jewellery
 h - a ring of poison resistance (left hand)
 r - a ring of protection from magic (right hand)
Scrolls
 a - a scroll of identify {@r1}
 d - a scroll of remove curse {@r2}
 e - 3 scrolls of teleportation
 g - 3 scrolls of blinking
 l - a scroll of amnesia {unknown}
 s - a scroll of fear {unknown}
 v - a scroll of enchant armour {unknown}
 w - 2 scrolls of fog {unknown}
 x - a scroll of enchant weapon {unknown}
 y - a scroll of magic mapping {unknown}
Potions
 b - 3 potions of lignification
 k - 2 potions of mutation
 m - a potion of haste
 q - a potion of curing {@q1}
 t - a potion of heal wounds {unknown}
 u - 3 potions of flight {unknown}
 A - a potion of agility {unknown}
Comestibles
 c - 13 rations
 B - 6 chunks of flesh


   Skills:
 + Level 6.0 Dodging
 - Level 2.4 Stealth
 - Level 4.2 Shields
 + Level 6.7 Spellcasting
 + Level 5.0 Conjurations
 + Level 6.0 Fire Magic


You had 13 spell levels left.
You knew the following spells:

 Your Spells              Type           Power        Failure   Level  Hunger
a - Flame Tongue          Conj/Fire      ####.        1%          1    None
b - Throw Flame           Conj/Fire      ####..       1%          2    None
c - Conjure Flame         Conj/Fire      ####....     4%          3    None
d - Freeze                Ice            #...         13%         1    None

Your spell library contained the following spells:

 Spells                   Type           Power        Failure   Level  Hunger
 Inner Flame              Hex/Fire       ###.....     12%         3    None
 Summon Small Mammal      Summ           #...         13%         1    None
 Sticky Flame             Conj/Fire      ####....     13%         4    ###....
 Call Imp                 Summ           #.......     21%         2    None
 Call Canine Familiar     Summ           #.......     36%         3    None
 Summon Guardian Golem    Hex/Summ       #.......     36%         3    None
 Fireball                 Conj/Fire      ####......   36%         5    #####..
 Summon Ice Beast         Ice/Summ       #.......     78%         4    ###....
 Summon Lightning Spire   Summ/Air       #.......     78%         4    ###....


Dungeon Overview and Level Annotations

Branches:
Dungeon (7/15)             Temple (1/1) D:4

Altars:
Ashenzari
Cheibriados
Dithmenos
Elyvilon
Fedhas
Gozag
Hepliaklqana
Kikubaaqudgha
Makhleb
Nemelex Xobeh
Okawaru
Qazlal
Ru
Sif Muna
Trog
Uskayaw
Vehumet
Wu Jian
Xom
Yredelemnul
Zin
The Shining One

Annotations:
D:5 1 runed translucent door, Crazy Yiuf
D:6 exclusion: shadow, Menkaure


Message History

Things that are here:
a +0 flail; a +0 dagger; an orc skeleton A hornet and an orc come into view.
The hornet buzzes angrily.
The orc shouts!
You hear a shout!
A worker ant zombie comes into view.
The hornet completely misses you.
There are monsters nearby!
Casting: Flame Tongue (safe; 1% risk of failure)
Confirm with . or Enter, or press ? or * to list all spells.
Aiming: Flame Tongue (safe; 1% risk of failure)
Press: ? - help, Shift-Dir - straight line, f - hornet
Aim: a hornet The flame tongue hits the hornet.
The hornet is lightly wounded.
The hornet stings you.
You suddenly lose the ability to move!
The hornet stings you! x2
* * * LOW HITPOINT WARNING * * *
A slave comes into view.
The hornet stings you!
You die...

# # ..?p......... #
............ #
#....$.....## ##
#.....Z.o..# .#
#........# .#
......# #### .##
#.y.# ##..### ..#
#.@## ##.....# ..#
##..####......#
..## ##..#........#
#..# #..)).).....#
#..# ##.#........#
.#.## #..#........#
.#.[#
#####.###.......#
....#########.....#
##....###
..#..#............#
##..##


You could see a hornet, a slave, an orc and a worker ant zombie.

Vanquished Creatures
  A hungry ghost (D:7)
  Edmund (D:5)
  A water moccasin (D:7)
  An ice beast (D:5)
  An ogre (D:6)
  2 bullfrogs (D:6)
  A gnoll sergeant (D:5)
  A water moccasin skeleton (D:7)
  3 wights
  A crimson imp (D:6)
  An orc priest (D:6)
  A hound (D:4)
  A jelly (D:6)
  A bullfrog skeleton (D:6)
  4 orc wizards
  An iguana (D:7)
  Natasha (thrice) (D:4)
  Terence (D:3)
  2 worker ants (D:4)
  4 gnolls
  5 adders
  A shadow imp (D:5)
  2 adder skeletons (D:4)
  5 worms
  3 dart slugs
  2 leopard geckos
  14 orcs
  2 ball pythons
  2 bats
  6 giant cockroaches
  8 goblins
  6 hobgoblins
  7 jackals (D:5)
  6 kobolds
  2 quokkas
  4 frilled lizards
  5 rats
112 creatures vanquished.

Notes
Turn   | Place    | Note
-------+----------+-------------------------------------------
     0 | D:1      | Gynju the Deep Elf Fire Elementalist began the quest for
                  | the Orb.
     0 | D:1      | Reached XP level 1. HP: 10/10 MP: 6/6
   284 | D:1      | Reached XP level 2. HP: 15/15 MP: 5/8
  1010 | D:2      | Reached XP level 3. HP: 19/19 MP: 3/10
  1443 | D:2      | Learned a level 2 spell: Throw Flame
  1447 | D:2      | Learned a level 3 spell: Conjure Flame
  2130 | D:3      | Noticed Terence
  2141 | D:3      | Killed Terence
  2141 | D:3      | Reached XP level 4. HP: 12/24 MP: 1/12
  2904 | D:3      | Found a burning altar of Makhleb.
  3732 | D:4      | Reached XP level 5. HP: 24/28 MP: 8/13
  3861 | D:4      | Reached skill level 1 in Shields
  3955 | D:4      | Found a staircase to the Ecumenical Temple.
  3993 | Temple   | Entered the Ecumenical Temple
  4198 | Temple   | Became a worshipper of Vehumet
  4282 | D:4      | Noticed Natasha
  4659 | D:4      | Reached XP level 6. HP: 32/32 MP: 14/14
  4718 | D:4      | Killed Natasha
  4773 | D:5      | Entered Level 5 of the Dungeon
  4865 | D:4      | Noticed Natasha
  4873 | D:4      | Killed Natasha
  4920 | D:4      | Noticed Natasha
  4927 | D:4      | Killed Natasha
  5406 | D:5      | Reached * piety under Vehumet
  5406 | D:5      | Offered knowledge of Freeze by Vehumet.
  5554 | D:5      | Noticed Edmund
  5590 | D:5      | Noticed an ice beast
  5777 | D:5      | Learned a level 1 spell: Freeze
  5811 | D:5      | Killed an ice beast
  5811 | D:5      | Reached XP level 7. HP: 36/36 MP: 1/16
  5829 | D:5      | Killed Edmund
  5829 | D:5      | Reached skill level 5 in Spellcasting
  6202 | D:5      | Found a sacrificial altar of Ru.
  6330 | D:5      | Found a runed translucent door.
  6331 | D:5      | Noticed Crazy Yiuf
  6333 | D:5      | Got a pitted mace
  6335 | D:5      | Got a bloodstained mace
  6346 | D:5      | Identified the +10 mace "Q" {crush, Dex+9} (You found it on
                  | level 5 of the Dungeon)
  6347 | D:5      | Identified the cursed +0 mace of Conservatism {flame, Str+2
                  | Dex+2} (You found it on level 5 of the Dungeon)
  6549 | D:6      | Reached skill level 5 in Fire Magic
  6623 | D:6      | Noticed a shadow
  6769 | D:6      | Reached skill level 5 in Dodging
  6829 | D:6      | Reached XP level 8. HP: 41/41 MP: 15/18
  7117 | D:6      | Noticed Menkaure
  8100 | D:7      | Reached skill level 5 in Conjurations
  8219 | D:7      | Noticed a hornet
  8220 | D:7      | Paralysed by a hornet for 3 turns
  8222 | D:7      | Slain by a hornet

Levels and vault maps discovered:
D:1:      tarquinn_simple_flora_water_f, layout_basic, minmay_strange_pillars
D:2:      layout_loops_ring
D:3:      layout_basic, makhleb_grotto_becter, uniq_terence
D:4:      corexii_shack_village, layout_rooms, minmay_temple_entry_ruins,
          uniq_natasha
D:5:      layout_rooms, first_ration, nicolae_ru_sacrificial_ziggurat,
          uniq_crazy_yiuf_cottage, uniq_edmund
D:6:      minmay_opposing_rooms, layout_basic, uniq_menkaure
D:7:      layout_cave_pods, uniq_pikel
Temple:   grunt_wide_crystal_templ

Skill      XL: |  1  2  3  4  5  6  7  8 |
---------------+-------------------------+-----
Dodging        | 3 4 5 6 |  6.0
Conjurations   | 2 3 4 5 |  5.0
Spellcasting   | 4 5 6 |  6.7
Fire Magic     | 4 5 6 |  6.0
Shields        | 2 4 |  4.2
Stealth        | |  2.4

Action                   |  1- 3 |  4- 6 |  7- 9 || total
-------------------------+-------+-------+-------++-------
Melee: Dagger            |       |    13 |       ||    13
       Rapier            |       |    16 |       ||    16
       Trident           |       |     8 |    57 ||    65
       Mace              |       |       |    17 ||    17
Throw: Dart              |       |    13 |       ||    13
       Stone             |       |    23 |     3 ||    26
 Cast: Flame Tongue      |    72 |    79 |    23 ||   174
       Throw Flame       |       |    25 |    51 ||    76
       Conjure Flame     |       |     3 |     4 ||     7
  Use: Scroll            |     1 |     6 |     2 ||     9
 Stab: Sleeping          |       |     5 |       ||     5
  Eat: Chunk             |     3 |     8 |     8 ||    19
       Ration            |       |     1 |       ||     1
Armor: Robe              |       |     2 |       ||     2
       Leather armour    |       |       |    11 ||    11
Dodge: Dodged            |     7 |    29 |    11 ||    47
Block: Buckler           |       |     7 |     7 ||    14

Table legend:
 A = Non-vault XP
 B = Vault XP
 C = Vault XP percentage of total XP
 D = Non-vault monster count
 E = Vault monster count
 F = Vault count percentage of total count
                 A         B        C        D         E       F
            +---------+---------+-------+---------+---------+-------
      Total |    1874 |     306 |  14.0 |     101 |      11 |   9.8
            +---------+---------+-------+---------+---------+-------
        D:1 |      29 |       0 |   0.0 |      16 |       0 |   0.0
        D:2 |      57 |       0 |   0.0 |      18 |       0 |   0.0
        D:3 |      67 |      36 |  35.0 |      13 |       1 |   7.1
        D:4 |     304 |      51 |  14.4 |      14 |       7 |  33.3
        D:5 |     404 |     169 |  29.5 |      19 |       1 |   5.0
        D:6 |     433 |      50 |  10.4 |       7 |       2 |  22.2
        D:7 |     580 |       0 |   0.0 |      14 |       0 |   0.0
            +---------+---------+-------+---------+---------+-------
